 Dungeon Crawl Stone Soup version 0.20-a0-441-g89e74e4 (webtiles) character file.

329 Kriby the Skirmisher (level 6, -1/51 HPs)
             Began as a Mummy Fighter on Jan 6, 2017.
             Killed from afar by an orc wizard (2 damage)
             ... with a puff of frost
             ... on level 2 of the Dungeon.
             The game lasted 00:04:05 (4976 turns).

Kriby the Skirmisher (Mummy Fighter)                Turns: 4976, Time: 00:04:06

Health: -1/51      AC:  8    Str: 21    XL:     6   Next: 25%
Magic:  0/6        EV:  7    Int:  8    God:
Gold:   115        SH:  9    Dex: 11    Spells: 5/5 levels left

rFire  x . .     SeeInvis .     a - +0 rapier
rCold  + . .     Gourm    .     b - +0 scale mail
rNeg   + + +     Faith    .     c - +0 shield
rPois  ∞         Spirit   +     n - +0 helmet
rElec  .         Reflect  .     (no cloak)
rCorr  .         Harm     .     e - +0 pair of gloves
MR     .....                    (no boots)
Stlth  ..........               l - amulet of guardian spirit
                                (no ring)
                                (no ring)

@: no status effects
A: no food or potions, fire vulnerability, cold resistance 1, negative energy
resistance 3, torment resistance, unbreathing
a: no special abilities


You were on level 2 of the Dungeon.
You were not hungry.

You visited 1 branch of the dungeon, and saw 3 of its levels.

You collected 115 gold pieces.

Inventory:

Hand Weapons
 a - a +0 rapier (weapon)
Armour
 b - a +0 scale mail (worn)
 c - a +0 shield (worn)
 e - a +0 pair of gloves (worn)
 n - a +0 helmet (worn)
Jewellery
 i - an uncursed amulet of faith
 l - an amulet of guardian spirit (around neck)
Scrolls
 d - a scroll of immolation {unknown}
 f - 2 scrolls of remove curse {unknown}
 g - 2 scrolls of identify {unknown}
 h - 2 scrolls of magic mapping {unknown}
 j - a scroll of fog {unknown}
 k - 2 scrolls of amnesia {unknown}
 m - a scroll of teleportation


   Skills:
 + Level 5.4 Fighting
 - Level 1.5 Short Blades
 + Level 3.4 Throwing
 - Level 2.4 Armour
 - Level 2.4 Shields


You had 5 spell levels left.
You didn't know any spells.

Dungeon Overview and Level Annotations

Branches:
Dungeon (3/15)

Altars:
Qazlal
Sif Muna


Innate Abilities, Weirdness & Mutations

You do not eat or drink.
Your flesh is vulnerable to fire.
You are immune to poison.
Your flesh is cold resistant. (rC+)
You are immune to negative energy. (rN+++)
You are immune to unholy pain and torment.
You can survive without breathing.


Message History

You hear some strange, mumbled words.
A puff of frost appears from out of thin air!
The puff of frost hits you! You resist.
You closely miss the orc warrior. The orc warrior closely misses you.
You hear some strange, mumbled words.
A puff of flame appears from out of thin air!
The puff of flame hits you! The fire burns you terribly!
* * * LOW HITPOINT WARNING * * *
You hit the orc warrior but do no damage.
The orc warrior hits you with a glaive!
* * * LOW HITPOINT WARNING * * *
You hear some strange, mumbled words.
A puff of flame appears from out of thin air!
The puff of flame misses you.
You hit the orc warrior but do no damage.
The orc warrior barely misses you.
You hear some strange, mumbled words.
A puff of frost appears from out of thin air!
The puff of frost hits you! You resist.
You die...

#################
####............o{.#
...'.....(......@..#
####......(.....)..#
#...............#
#...............#
#%...........(..#
#...............#
#############'###
#.# ###.#


You could see an orc warrior.

Vanquished Creatures
  Sigmund (D:3)
  Robin (D:2)
  4 adders (D:2)
  An ooze (D:2)
  3 worms
  3 dart slugs (D:1)
  2 leopard geckos (D:1)
  4 orcs (D:3)
  5 bats (D:2)
  6 giant cockroaches
  18 goblins
  12 hobgoblins
  3 jackals (D:2)
  2 frilled lizards (D:2)
  9 kobolds
  8 rats
82 creatures vanquished.

Notes
Turn   | Place    | Note
-------+----------+-------------------------------------------
     0 | D:1      | Kriby the Mummy Fighter began the quest for the Orb.
     0 | D:1      | Reached XP level 1. HP: 18/18 MP: 1/1
   383 | D:1      | Reached XP level 2. HP: 12/24 MP: 2/2
   694 | D:1      | Reached skill level 1 in Throwing
   953 | D:1      | Reached XP level 3. HP: 30/30 MP: 3/3
  1496 | D:2      | Reached skill level 4 in Fighting
  1881 | D:2      | Found a deep blue altar of Sif Muna.
  1882 | D:2      | Found a stormy altar of Qazlal.
  1953 | D:2      | Reached XP level 4. HP: 31/37 MP: 4/4
  2468 | D:2      | Noticed Robin
  3098 | D:2      | Killed Robin
  3993 | D:3      | Reached XP level 5. HP: 43/43 MP: 5/5
  4002 | D:3      | Noticed Sigmund
  4553 | D:3      | Killed Sigmund
  4553 | D:3      | Reached skill level 5 in Fighting
  4553 | D:3      | Reached XP level 6. HP: 43/51 MP: 4/6
  4693 | D:3      | Noticed an orc warrior
  4975 | D:2      | HP: 1/51 [orc warrior/glaive (12)]
  4976 | D:2      | Killed from afar by an orc wizard

Vault maps used:
D:1:      wheals_arrival_linesprint
D:2:      kennysheep_goblin_castle, chequers_temple_overflow_statue_of_worship,
          uniq_robin
D:3:      serial_glass, glass_columns_b, glass_columns_a, uniq_sigmund

Skill      XL: |  1  2  3  4  5 |
---------------+----------------+-----
Throwing       | 1 2 3 |  3.4
Fighting       | 4 5 |  5.4
Short Blades   | |  1.5
Armour         | |  2.4
Shields        | |  2.4

Action                   |  1- 3 |  4- 6 || total
-------------------------+-------+-------++-------
Melee: Rapier            |   144 |   213 ||   357
  Use: Scroll            |       |     2 ||     2
Armor: Scale mail        |    80 |   104 ||   184
Dodge: Dodged            |    50 |    97 ||   147
Block: Shield            |    78 |   128 ||   206
